 Dungeon Crawl Stone Soup version 0.28.0-53-g5a82cb258f (webtiles) character file.

Game seed: 14537751816721643923

1197 cbfl8 the Chopper (level 8, -10/70 HPs)
             Began as a Minotaur Berserker on July 12, 2022.
             Was a Believer of Trog.
             Mangled by a troll (13 damage)
             ... on level 6 of the Dungeon.
             The game lasted 00:04:22 (5299 turns).

cbfl8 the Chopper (Minotaur Berserker)              Turns: 5299, Time: 00:04:22

Health: -10/70     AC: 10    Str: 22    XL:     8   Next: 20%
Magic:  7/7        EV: 12    Int:  4    God:    Trog [**....]
Gold:   245        SH:  0    Dex: 12    Spells: 7/7 levels left

rFire   . . .      SeeInvis .   q - +2 flail (holy)
rCold   . . .      Faith    .   (no shield)
rNeg    . . .      Spirit   .   j - +0 ring mail
rPois   .          Reflect  .   (helmet restricted)
rElec   .          Harm     .   (no cloak)
rCorr   .          Rampage  .   (no gloves)
Will    ++...                   (no boots)
Stlth   +.........              x - amulet of magic regeneration
HPRegen 1.21/turn               v - +4 ring of protection
MPRegen 0.50/turn               (no ring)

@: lethally poisoned (-10 -> -11), strong-willed, on berserk cooldown,
regenerating, hasted and slowed
A: horns 2, retaliatory headbutt
a: Renounce Religion, Berserk, Trog's Hand


You were on level 6 of the Dungeon.
You worshipped Trog.
Trog was pleased with you.
You visited 1 branch of the dungeon, and saw 6 of its levels.

You collected 283 gold pieces.
You spent 38 gold pieces at shops.

Inventory:

Hand Weapons
 a - a +0 hand axe
 k - a +0 war axe
 q - a +2 flail of holy wrath (weapon)
Missiles
 l - a throwing net (quivered)
Armour
 b - a +0 animal skin
 j - a +0 ring mail (worn)
Jewellery
 v - a +4 ring of protection (left hand)
 x - an amulet of magic regeneration (around neck)
Wands
 u - a wand of acid (8)
Scrolls
 e - a scroll of blinking {unknown}
 f - 3 scrolls of teleportation {unknown}
 i - a scroll of immolation {unknown}
 m - a scroll of noise {unknown}
 n - 2 scrolls of amnesia {unknown}
 p - a scroll of enchant armour {unknown}
 r - 3 scrolls of identify {unknown}
Potions
 c - a potion of degeneration {unknown}
 d - a potion of berserk rage
 g - a potion of lignification {unknown}
 h - a potion of haste
 o - a potion of flight {unknown}
 t - a potion of might {unknown}
 w - a potion of attraction {unknown}


   Skills:
 + Level 5.9 Fighting
 + Level 7.1(7.8) Axes
 + Level 4.5(6.4) Maces & Flails
 + Level 6.5 Armour
 + Level 3.9 Dodging
 + Level 1.2 Stealth


You had 7 spell levels left.
You didn't know any spells.
Your spell library was empty.

Dungeon Overview and Level Annotations

Branches:
Dungeon (6/15)
 Temple: D:4-7

Altars:
Wu Jian

Shops:
D:1 =   D:2 (   D:3 *


Innate Abilities, Weirdness & Mutations

You have a pair of horns on your head.
You reflexively headbutt those who attack you in melee.


Message History

You feel strong-willed. The scorpion closely misses you.
The orc hits you but does no damage. The troll closely misses you.
The troll claws you but does no damage. The troll closely misses you.
The scorpion stings you but does no damage.
The orc closely misses you.
You barely miss the troll. Your punch misses the troll.
The troll is lightly wounded.
The scorpion closely misses you. The troll bites you!
The troll barely misses you. The troll claws you but does no damage.
The orc hits you with a +0 dagger. The scorpion misses you.
The troll bites you. The troll barely misses you. x2
An adder comes into view.
The adder hisses angrily.
You hit the troll but do no damage. You headbutt the troll!
The troll is moderately wounded.
The scorpion misses you. The orc hits you but does no damage.
The troll bites you! The troll misses you.
The troll claws you but does no damage. The scorpion stings you.
You are poisoned.
The scorpion poisons you! The orc hits you but does no damage.
The orc closely misses you. The troll completely misses you.
The troll barely misses you. x2
You hit the troll.
The troll is heavily wounded.
You feel very sick. The scorpion closely misses you. You furiously retaliate!
You headbutt the scorpion! The orc barely misses you. x2
You furiously retaliate!
You headbutt the orc!
You kill the orc!
Trog accepts your kill. The troll bites you!
* * * LOW HITPOINT WARNING * * *
The troll misses you. The troll claws you!
* * * LOW HITPOINT WARNING * * *
The scorpion stings you!
* * * LOW HITPOINT WARNING * * *
It was a potion of haste.
You feel yourself speed up.
You feel sick. The scorpion barely misses you. The troll bites you!
You die...

.......
.......
.......##
........#
.........
......Ss#
.....ooT#
......s@#
......)##
#.....#
###...
###


You could see a troll, 2 scorpions, an adder and 2 orcs.

Vanquished Creatures
  2 yaks (D:6)
  A sky beast (D:5)
  A black bear (D:4)
  A necrophage (D:5)
  Blork the orc (D:5)
  2 scorpions
  A water moccasin zombie (D:5)
  A water moccasin skeleton (D:2)
  A centaur skeleton (D:4)
  A gnoll shaman (D:4)
  A hound (D:4)
  3 iguanas
  A howler monkey zombie (D:5)
  5 gnolls (D:4)
  6 adders
  A shadow imp (D:5)
  An adder skeleton (D:4)
  3 worms
  2 dart slugs
  6 orcs
  8 ball pythons
  6 endoplasms
  3 giant cockroaches
  4 hobgoblins
  2 jackals (D:2)
  4 kobolds
  2 quokkas (D:1)
  4 bats
  4 frilled lizards
  4 rats
82 creatures vanquished.

Vanquished Creatures (others)
  2 plants (D:3)
2 creatures vanquished.

Grand Total: 84 creatures vanquished

Notes
Turn   | Place    | Note
-------+----------+-------------------------------------------
     0 | D:1      | cbfl8 the Minotaur Berserker began the quest for the Orb.
     0 | D:1      | Reached XP level 1. HP: 19/19 MP: 0/0
   157 | D:1      | Reached XP level 2. HP: 27/27 MP: 1/1
   303 | D:1      | Found Weilo's Jewellery Emporium.
   407 | D:1      | Reached skill level 4 in Axes
   880 | D:2      | Found a faded altar of an unknown god.
   990 | D:2      | Reached XP level 3. HP: 30/33 MP: 2/2
  1199 | D:2      | Found Pienwym's Weapon Boutique.
  1543 | D:2      | Reached skill level 5 in Axes
  1543 | D:2      | Reached XP level 4. HP: 37/41 MP: 3/3
  1648 | D:2      | Reached ** piety under Trog
  2033 | D:3      | Found an ornate altar of the Wu Jian Council.
  2191 | D:3      | Found Legeurro's General Store.
  2222 | D:3      | Bought a scroll of fear for 38 gold pieces
  2582 | D:4      | Reached XP level 5. HP: 47/47 MP: 4/4
  2639 | D:4      | Reached skill level 1 in Stealth
  2999 | D:4      | Noticed a black bear
  3003 | D:4      | Killed a black bear
  3004 | D:4      | Reached skill level 5 in Fighting
  3004 | D:4      | Reached skill level 6 in Axes
  3004 | D:4      | Reached XP level 6. HP: 55/56 MP: 5/5
  3885 | D:5      | Entered Level 5 of the Dungeon
  3910 | D:5      | Noticed a yak
  3911 | D:5      | Noticed a yak
  3912 | D:5      | Noticed a yak
  3913 | D:5      | Reached skill level 1 in Maces & Flails
  4023 | D:5      | Reached XP level 7. HP: 56/61 MP: 6/6
  4446 | D:5      | Reached skill level 5 in Armour
  4915 | D:5      | Noticed Blork the orc
  4924 | D:5      | Killed Blork the orc
  5164 | D:5      | Reached skill level 7 in Axes
  5277 | D:6      | Killed a yak
  5280 | D:6      | Killed a yak
  5280 | D:6      | Noticed a troll
  5281 | D:6      | Reached XP level 8. HP: 70/70 MP: 7/7
  5298 | D:6      | HP: 3/70 [scorpion (8)]
  5299 | D:6      | Mangled by a troll

Illustrated notes

Levels and vault maps discovered:
D:1:      minmay_arrival_arboretum_small, layout_basic, serial_shops,
          shop_statue, minmay_misc_feat_rugged, minmay_stone_trees_large,
          minmay_tromino_mix6
D:2:      layout_rooms, serial_shops, shop_statue, nicolae_ecumenical_pavilion
D:3:      layout_basic, nicolae_wu_jian_glorious_leap, serial_shops, shop,
          serial_bayou, serial_bayou_pond_a, serial_bayou_pond_e,
          serial_bayou_lagoon_b, serial_bayou_ford_a
D:4:      layout_basic
D:5:      layout_cave_pods, biasface_ghost_orc_armoury, grunt_ministairs_9,
          chequers_serial_rivers_micro_e, uniq_blork_the_orc
D:6:      layout_rooms, nicolae_shop_self_help, uniq_crazy_yiuf_cottage,
          uniq_prince_ribbit1

Skill      XL: |  1  2  3  4  5  6  7 |
---------------+----------------------+-----
Fighting       | 4 5 |  5.9
Axes           | 4 5 6 7 |  7.1
Armour         | 3 4 6 |  6.5
Dodging        | 3 |  3.9
Stealth        | 1 |  1.2
Maces & Flails | 1 4 |  4.5

Action                   |  1- 3 |  4- 6 |  7- 9 || total
-------------------------+-------+-------+-------++-------
Melee: Hand axe          |    75 |       |       ||    75
       Headbutt          |    16 |    13 |    11 ||    40
       Punch             |     1 |     5 |     1 ||     7
       War axe           |       |    46 |       ||    46
       Flail             |       |    36 |    62 ||    98
Invok: Berserk           |       |     1 |     2 ||     3
       Trog's Hand       |       |       |     1 ||     1
  Use: Scroll            |       |     1 |       ||     1
       Potion            |       |       |     4 ||     4
Armor: Animal skin       |     9 |       |       ||     9
       Ring mail         |       |    15 |    45 ||    60
Dodge: Dodged            |    41 |    48 |    73 ||   162
